 Dungeon Crawl Stone Soup version 0.24-a0-487-g57318f2ed0 (webtiles) character file.

Game seed: 17350278093843284728

168809 Peloso the Peltast (level 17, -13/240 HPs)
             Began as a Minotaur Fighter on July 9, 2019.
             Was the Champion of Okawaru.
             Mangled by Asterion
             ... wielding a +0 demon trident of freezing
              (16 damage)
             ... on level 4 of the Snake Pit on July 10, 2019.
             The game lasted 01:52:36 (29312 turns).

Peloso the Peltast (Minotaur Fighter)              Turns: 29312, Time: 01:52:36

Health: -13/240    AC: 27    Str: 36    XL:     17   Next: 34%
Magic:  15/16      EV: 12    Int:  5    God:    Okawaru [******]
Gold:   737        SH: 17    Dex: 11    Spells: 16/16 levels left

rFire    . . .     SeeInvis .   a - +6 double sword (vamp)
rCold    . . .     Gourm    +   t - +0 shield {reflect}
rNeg     . . .     Faith    .   k - +1 crystal plate armour
rPois    .         Spirit   .   K - +2 hat
rElec    .         Reflect  +   W - scarf {repulsion}
rCorr    .         Harm     .   y - +1 pair of gloves {archery}
MR       +....                  (no boots)
Stlth    ..........             v - amulet of the gourmand
HPRegen  0.50/turn              Q - ring of Shadows {Umbra +Inv Stlth+}
MPRegen  0.15/turn              H - ring "Jeonosos" {+Inv Str+4 Slay+2}

@: berserking, very slightly contaminated, wreathed by umbra, repel missiles,
very quick
A: retaliatory headbutt, horns 2
a: Heroism, Finesse, Renounce Religion, Evoke Invisibility


You were on level 4 of the Snake Pit.
You worshipped Okawaru.
Okawaru was exalted by your worship.
You were full.

You visited 6 branches of the dungeon, and saw 29 of its levels.
You also visited: Gauntlet and Ice Cave.

You collected 2939 gold pieces.
You spent 2202 gold pieces at shops.

Inventory:

Hand Weapons
 a - a +6 vampiric double sword (weapon)
 b - the +9 long sword of Somewhere Else {drain, rPois}
   (You found it on level 13 of the Dungeon)

   A truly terrible weapon, it drains the life of those it strikes.
   It protects you from poison.
 z - the +12 mace of the Extremes {speed, *Slow rC+ Str+5}
   (You found it on level 2 of the Snake Pit)

   Attacks with this weapon are significantly faster.
   It affects your strength (+5).
   It protects you from cold.
   It may slow you when you take damage.
 J - a +1 short sword of flaming
Armour
 g - the +2 scale mail "Odghiz" {rC+}
   (You found it on level 3 of the Lair of Beasts)

   It protects you from cold.
 k - a +1 crystal plate armour (worn)
 t - a +0 shield of reflection (worn)
 y - a +1 pair of gloves of archery (worn)
 I - a +2 shield of fire resistance
 K - a +2 hat (worn)
 W - a scarf of repulsion (worn)
Jewellery
 d - an uncursed ring of flight
 v - an amulet of the gourmand (around neck)
 G - an uncursed ring of protection from magic
 H - the ring "Jeonosos" (right hand) {+Inv Str+4 Slay+2}
   (You found it in a Gauntlet)

   [ring of strength]

   It affects your strength (+4).
   It affects your accuracy and damage with ranged weapons and melee attacks
   (+2).
   It lets you turn invisible.
 Q - the ring of Shadows (left hand) {Umbra +Inv Stlth+}
   (You found it in a Gauntlet)

   [ring of stealth]

   It lets you turn invisible.
   It makes you more stealthy.
 U - a +4 amulet of reflection
 V - an uncursed ring of see invisible
Wands
 n - a wand of disintegration (20)
 r - a wand of polymorph (8)
 C - a wand of paralysis (11)
Scrolls
 e - 2 scrolls of identify
 h - 18 scrolls of remove curse
 m - 3 scrolls of magic mapping
 s - 5 scrolls of blinking
 u - a scroll of enchant armour
 A - a scroll of fear
 B - 10 scrolls of teleportation
Potions
 c - 2 potions of cancellation
 j - a potion of resistance
 l - 5 potions of haste
 o - 10 potions of curing
 p - a potion of mutation
 q - 8 potions of flight
 w - a potion of heal wounds
 x - 3 potions of berserk rage
 D - 2 potions of brilliance
 F - 3 potions of might
 T - a potion of agility
Miscellaneous
 i - a crystal ball of energy
Comestibles
 f - 46 rations


   Skills:
 + Level 16.7 Fighting
 + Level 18.8 Long Blades
 + Level 12.2 Armour
 + Level 11.5 Dodging
 + Level 5.8 Stealth
 + Level 19.3 Shields
 + Level 0.6 Invocations
 + Level 1.1 Evocations


You had 16 spell levels left.
You didn't know any spells.
Your spell library contained the following spells:

 Spells                   Type           Power        Failure   Level  Hunger
 Animate Skeleton         Necr           N/A          100%        1    ##.....
 Beastly Appendage        Tmut           #.....       100%        1    ##.....
 Corona                   Hex            #......      100%        1    ##.....
 Freeze                   Ice            #...         100%        1    ##.....
 Magic Dart               Conj           #...         100%        1    ##.....
 Pain                     Necr           #...         100%        1    ##.....
 Sting                    Conj/Pois      #...         100%        1    ##.....
 Summon Butterflies       Summ           #.......     100%        1    ##.....
 Summon Small Mammal      Summ           #...         100%        1    ##.....
 Blink                    Tloc           N/A          100%        2    ###....
 Call Imp                 Summ           #.......     100%        2    ###....
 Ensorcelled Hibernation  Hex/Ice        #.....       100%        2    ###....
 Poisonous Vapours        Pois/Air       #.....       100%        2    ###....
 Slow                     Hex            #.......     100%        2    ###....
 Sticks to Snakes         Tmut           #.......     100%        2    ###....
 Throw Frost              Conj/Ice       #.....       100%        2    ###....
 Call Canine Familiar     Summ           #.......     100%        3    ####...
 Confuse                  Hex            #.......     100%        3    ####...
 Conjure Flame            Conj/Fire      #.......     100%        3    ####...
 Dazzling Spray           Conj/Hex       #.....       100%        3    ####...
 Inner Flame              Hex/Fire       #.......     100%        3    ####...
 Mephitic Cloud           Conj/Pois/Air  #.......     100%        3    ####...
 Ozocubu's Armour         Chrm/Ice       #.......     100%        3    ####...
 Portal Projectile        Hex/Tloc       #.....       100%        3    ####...
 Regeneration             Chrm/Necr      #.........   100%        3    ####...
 Spider Form              Tmut/Pois      #.........   100%        3    ####...
 Summon Guardian Golem    Hex/Summ       #.......     100%        3    ####...
 Tukima's Dance           Hex            #.......     100%        3    ####...
 Vampiric Draining        Necr           #.........   100%        3    ####...
 Animate Dead             Necr           N/A          100%        4    #####..
 Cause Fear               Hex            #.........   100%        4    #####..
 Ice Form                 Ice/Tmut       #.......     100%        4    #####..
 Leda's Liquefaction      Hex/Erth       #.........   100%        4    #####..
 Olgreb's Toxic Radiance  Pois           #.......     100%        4    #####..
 Summon Ice Beast         Ice/Summ       #.......     100%        4    #####..
 Summon Lightning Spire   Summ/Air       #.......     100%        4    #####..
 Throw Icicle             Conj/Ice       #.......     100%        4    #####..
 Blade Hands              Tmut           #.........   100%        5    ######.
 Metabolic Englaciation   Hex/Ice        #.........   100%        5    ######.
 Silence                  Hex/Air        #.........   100%        5    ######.
 Summon Mana Viper        Hex/Summ       #.......     100%        5    ######.
 Venom Bolt               Conj/Pois      #.........   100%        5    ######.
 Yara's Violent Unravell  Hex/Tmut       #.........   100%        5    ######.
 Bolt of Cold             Conj/Ice       #.........   100%        6    #######
 Deflect Missiles         Chrm/Air       #.........   100%        6    #######
 Freezing Cloud           Conj/Ice/Air   #.........   100%        6    #######
 Ozocubu's Refrigeration  Ice            #.........   100%        6    #######
 Simulacrum               Ice/Necr       #.........   100%        6    #######
 Summon Hydra             Summ           #.........   100%        7    #######
 Discord                  Hex            #.........   100%        8    #######


Dungeon Overview and Level Annotations

Branches:
Dungeon (15/15)            Temple (1/1) D:5            Lair (6/6) D:8
 Shoals (1/4) Lair:3        Snake (4/4) Lair:4        Slime (0/5) Lair:6
    Orc (2/2) D:12            Elf (0/3) Orc:2        Vaults (0/5) D:13
 Depths (0/5) D:15

Altars:
Ashenzari
Cheibriados
Dithmenos
Elyvilon
Fedhas
Gozag
Hepliaklqana
Kikubaaqudgha
Makhleb
Nemelex Xobeh
Okawaru
Qazlal
Ru
Sif Muna
Trog
Uskayaw
Vehumet
Wu Jian
Xom
Yredelemnul
Zin
The Shining One
Beogh

Shops:
D:7 [   D:9 ?   D:14 ?%:[!   Orc:1 (   Orc:2 [(([(   Snake:4 %%

Annotations:
Lair:1 1 runed translucent door, Gynju's ghost, journeyman TrMo
Snake:4 Asterion


Innate Abilities, Weirdness & Mutations

You reflexively headbutt those who attack you in melee.
You have a pair of horns on your head.


Message History

You slash Asterion!
You feel better.
Asterion is severely wounded.
Asterion says, "You're no warrior.
You fight like a peasant!"
You block Asterion's attack. Asterion gores you!
* * * LOW HITPOINT WARNING * * *
Unknown command.
You slash Asterion! You headbutt Asterion.
Asterion is almost dead.
The cacodemon hits you!
* * * LOW HITPOINT WARNING * * *
You block the cacodemon's attack.
Asterion drinks a potion.
Asterion is healed!
Unknown command.
You slash Asterion! You headbutt Asterion.
Asterion is severely wounded.
You feel like a meek peon again.
Unknown command.
Asterion blocks your attack.
Asterion is severely wounded.
Asterion hits you with a +0 demon trident of freezing!
You die...

### ## ### ## #.# ##(# #.###.#
#[## ###.# #.....# ###
###..#####...# ##.....##
..###......#....(#######.......##
.............(.(..........H.....#
...............()..........<.....
...###+#######...H...............
.### #.....@2.##)........... ##.#
####......'###......... #..#
#...#.....#......... '..#
#..#......#....####. ####
#..##....##..### . #
....#.....#..# # .#...#..#.## ##
###...###### .#############......


You could see Asterion and a cacodemon.

Vanquished Creatures
  Saint Roka (Snake:4)
  A kraken (Shoals:1)
  Kirke (D:15)
  Donald (Snake:1)
  The ghost of Akello the Victor of a Thousand Battles, an adept DsGl of Okawaru (D:15)
  4 nagarajas
  An orc warlord (Orc:2)
  Aizul (Snake:3)
  A minotaur (Gauntlet)
  Snorg (D:11)
  2 fire dragons
  A merfolk impaler (Shoals:1)
  Erolcha (D:12)
  Josephine (D:11)
  An ettin (D:15)
  A vault guard (D:13)
  Harold (D:7)
  3 hydras
  4 two-headed ogres
  A centaur warrior (D:14)
  7 naga warriors
  A catoblepas (Lair:6)
  A merfolk aquamancer (Shoals:1)
  9 death yaks (Lair:6)
  A deep troll shaman (Lair:6)
  2 orc high priests
  6 naga sharpshooters
  A thrashing horror (Gauntlet)
  A queen ant (Lair:2)
  Nergalle (D:12)
  2 deep elf knights (D:15)
  Sonja (Lair:2)
  Urug (Lair:4)
  A shock serpent (Snake:4)
  5 sea snakes (Shoals:1)
  3 salamander mystics
  3 wizards
  3 naga ritualists
  2 deep elf archers (D:15)
  4 unseen horrors
  5 harpies (Shoals:1)
  A lindwurm (Lair:6)
  A necromancer (IceCv)
  11 mana vipers
  13 ugly things
  4 orc sorcerers
  11 salamanders
  6 orc knights
  4 cyclopes
  4 manticores
  5 fauns (Shoals:1)
  8 elephants (Lair:6)
  A moth of wrath (Gauntlet)
  12 naga magi
  2 ice statues
  A centaur skeleton (D:14)
  A water nymph (Shoals:1)
  3 centaur zombies
  24 black mambas
  2 merfolk sirens (Shoals:1)
  4 guardian serpents
  7 spiny frogs
  3 gargoyles
  11 freezing wraiths
  4 yaktaurs (D:15)
  3 rime drakes
  5 trolls
  An ice devil (Lair:3)
  6 komodo dragons
  A queen bee (Lair:2)
  7 polar bears
  2 wind drakes (Shoals:1)
  4 merfolk (Shoals:1)
  A wolf spider simulacrum (IceCv)
  A harpy zombie (D:15)
  A hornet (D:13)
  Prince Ribbit (D:7)
  6 blink frogs
  A raiju (Gauntlet)
  20 hippogriffs
  A snapping turtle (Shoals:1)
  7 dream sheep (Lair:4)
  4 slime creatures (D:13)
  11 wraiths
  A shadow (D:11)
  A wyvern (D:9)
  2 vampires (D:14)
  3 basilisks
  A hog (D:15)
  3 water elementals (Shoals:1)
  4 steam dragons
  51 yaks
  A death yak simulacrum (IceCv)
  A human (D:8)
  11 small abominations
  4 hungry ghosts
  5 large abominations (D:14)
  13 wargs
  34 nagas
  20 soldier ants (Lair:2)
  12 water moccasins
  5 porcupines
  Purgy (D:3)
  29 orc warriors
  A black bear (D:11)
  3 sky beasts
  23 ice beasts
  An eye of draining (D:15)
  6 phantoms
  9 ogres
  17 wolves
  17 centaurs
  9 crocodiles
  16 bullfrogs
  2 big kobolds
  2 gnoll sergeants
  A wyvern zombie (D:14)
  3 wyvern skeletons
  A hornet simulacrum (D:14)
  A water moccasin skeleton (D:5)
  A scorpion (D:6)
  A swamp dragon simulacrum (IceCv)
  4 troll zombies (D:12)
  38 killer bees
  6 wights
  6 howler monkeys
  5 electric eels
  9 crimson imps
  8 hounds
  A draconian simulacrum (IceCv)
  7 jellies
  18 orc priests
  Crazy Yiuf (D:3)
  25 orc wizards
  Jessica (D:3)
  7 iguanas
  4 spriggan simulacra (IceCv)
  3 troll simulacra (IceCv)
  10 hell rats
  33 worker ants
  A killer bee zombie (D:5)
  A wolf simulacrum (IceCv)
  4 ogre zombies (D:12)
  2 centaur simulacra (IceCv)
  2 hound zombies
  A howler monkey zombie (D:11)
  A worker ant zombie (D:7)
  A howler monkey skeleton (D:11)
  12 gnolls
  6 adders
  6 naga simulacra (IceCv)
  4 ogre simulacra (IceCv)
  6 shadow imps
  14 white imps
  2 worms (D:2)
  A dart slug (D:3)
  5 leopard geckos
  89 orcs
  7 giant cockroaches
  3 goblins
  3 hobgoblins (D:1)
  12 jackals
  21 kobolds
  5 quokkas
  2 ball pythons
  6 bats
  4 frilled lizards
  2 giant cockroach zombies (D:5)
  4 goblin zombies (D:12)
  2 hobgoblin skeletons (D:12)
  A hobgoblin zombie (D:12)
  2 jackal skeletons (D:7)
  4 orc skeletons (D:12)
  14 orc zombies (D:12)
  A quokka zombie (D:5)
  10 rats
  3 fungi
  2 plants
  A tentacle (Shoals:1)
1084 creatures vanquished.

Vanquished Creatures (others)
  A nagaraja (Snake:3)
  4 humans (D:15)
  3 nagas
  A centaur (D:15)
  An orc (Orc:2)
  17 demonic plants (Gauntlet)
  14 fungi
  10 plants
  4 tentacles (Shoals:1)
55 creatures vanquished.

Grand Total: 1139 creatures vanquished

Notes
Turn   | Place    | Note
-------+----------+-------------------------------------------
     0 | D:1      | Peloso the Minotaur Fighter began the quest for the Orb.
     0 | D:1      | Reached XP level 1. HP: 19/19 MP: 0/0
    76 | D:1      | Reached XP level 2. HP: 24/27 MP: 1/1
   213 | D:1      | Reached skill level 4 in Shields
   733 | D:2      | Reached XP level 3. HP: 33/33 MP: 2/2
  1208 | D:3      | Noticed Jessica
  1215 | D:3      | Killed Jessica
  1215 | D:3      | Reached skill level 1 in Dodging
  1215 | D:3      | Reached XP level 4. HP: 38/40 MP: 3/3
  1398 | D:3      | Reached XP level 5. HP: 40/46 MP: 4/4
  1681 | D:3      | Found a runed translucent door.
  1682 | D:3      | Noticed Crazy Yiuf
  1731 | D:3      | Noticed Purgy
  1741 | D:3      | Killed Purgy
  1741 | D:3      | Reached skill level 5 in Shields
  1741 | D:3      | Reached XP level 6. HP: 43/53 MP: 5/5
  1960 | D:3      | Killed Crazy Yiuf
  1960 | D:3      | Reached skill level 5 in Armour
  2022 | D:4      | Reached skill level 5 in Long Blades
  2447 | D:4      | Reached XP level 7. HP: 45/60 MP: 6/6
  2670 | D:4      | Found a burning altar of Makhleb.
  2772 | D:5      | Entered Level 5 of the Dungeon
  2786 | D:5      | Reached skill level 5 in Fighting
  2790 | D:5      | Reached skill level 6 in Shields
  3160 | D:5      | Found a staircase to the Ecumenical Temple.
  3197 | Temple   | Entered the Ecumenical Temple
  3244 | Temple   | Became a worshipper of Warmaster Okawaru
  3585 | D:6      | Reached skill level 1 in Stealth
  3585 | D:6      | Reached XP level 8. HP: 62/69 MP: 7/7
  3663 | D:6      | Reached * piety under Okawaru
  3771 | D:6      | Reached skill level 7 in Shields
  3868 | D:6      | You fall into a shaft and drop 2 floors!
  3868 | D:8      | Found a staircase to the Lair.
  3874 | D:8      | Reached ** piety under Okawaru
  3874 | D:8      | Noticed a troll
  3907 | D:8      | Reached XP level 9. HP: 47/78 MP: 8/8
  3923 | D:8      | Killed a troll
  3933 | D:8      | Reached *** piety under Okawaru
  3940 | D:8      | Reached skill level 5 in Dodging
  4111 | D:8      | Reached skill level 10 in Long Blades
  4290 | D:8      | Found the +5 scythe "Finisher" {speed, eviscerate}
  4303 | D:8      | Reached skill level 8 in Shields
  4310 | D:8      | Reached **** piety under Okawaru
  4368 | D:8      | You fall into a shaft and drop 1 floor!
  4391 | D:9      | Received a gift from Okawaru
  4453 | D:9      | Reached XP level 10. HP: 76/86 MP: 9/9
  4931 | D:7      | Noticed Prince Ribbit
  4948 | D:7      | Reached skill level 9 in Shields
  5213 | D:7      | Found Qiebro Qonoa's Antique Armour Boutique.
  5221 | D:7      | Bought a shiny shield for 172 gold pieces
  5221 | D:7      | Bought an embroidered hat for 161 gold pieces
  5354 | D:7      | Noticed Harold
  5366 | D:7      | Killed Harold
  5366 | D:7      | Reached ***** piety under Okawaru
  5485 | D:7      | Killed Prince Ribbit
  6040 | D:9      | Found Jugois's Magic Scroll Boutique.
  6043 | D:9      | Bought a scroll of fog for 26 gold pieces
  6043 | D:9      | Bought a scroll of teleportation for 39 gold pieces
  6243 | D:9      | Bought a scroll of magic mapping for 45 gold pieces
  6328 | D:9      | Reached skill level 10 in Shields
  6335 | D:9      | Reached XP level 11. HP: 97/97 MP: 10/10
  6591 | D:10     | Entered Level 10 of the Dungeon
  6672 | D:10     | Received a gift from Okawaru
  6685 | D:10     | Got a steaming great sword {god gift}
  6776 | D:10     | Noticed a two-headed ogre
  6788 | D:10     | Killed a two-headed ogre
  7272 | D:11     | Noticed Snorg
  7287 | D:11     | Killed Snorg
  7535 | D:11     | Reached skill level 11 in Shields
  7577 | D:11     | Reached ****** piety under Okawaru
  7672 | D:11     | Noticed a red ugly thing
  7685 | D:11     | Killed a red ugly thing
  7762 | D:11     | Noticed Josephine
  7776 | D:11     | Killed Josephine
  7776 | D:11     | Received a gift from Okawaru
  7785 | D:11     | Reached skill level 10 in Fighting
  7939 | D:12     | Found a staircase to the Orcish Mines.
  8174 | D:12     | Noticed Erolcha
  8186 | D:12     | Killed Erolcha
  8186 | D:12     | Reached XP level 12. HP: 88/106 MP: 11/11
  8196 | D:12     | Noticed Nergalle
  8220 | D:12     | HP: 3/106 [Nergalle/bolt of negative energy (19)]
  8220 | D:12     | HP: 1/106 [spectral orc warrior/+0 battleaxe[Nergalle] (2)]
  8223 | D:12     | Killed Nergalle
  8435 | D:12     | Received a gift from Okawaru
  8435 | D:12     | Reached skill level 12 in Shields
  8552 | D:12     | Found a burning altar of Makhleb.
  8799 | Lair:1   | Entered Level 1 of the Lair of Beasts
  8980 | Lair:1   | Noticed a six-headed hydra
  8998 | Lair:1   | HP: 3/108 [13-headed hydra (8)]
  8998 | Lair:1   | HP: 1/108 [13-headed hydra (2)]
  9000 | Lair:1   | Killed a 14-headed hydra
  9242 | Lair:1   | Found a runed translucent door.
  9243 | Lair:1   | Noticed Gynju's ghost (journeyman TrMo)
  9244 | Lair:1   | Identified the cursed +1 spear "Timorex" {pierce, Int+4}
  9451 | Lair:1   | Received a gift from Okawaru
 10032 | Lair:1   | Identified the +7 great sword "Vutwodd" {protect, rF+
                  | Dex+7} (Okawaru gifted it to you on level 10 of the
                  | Dungeon)
 10100 | Lair:2   | Noticed Sonja
 10101 | Lair:2   | Killed Sonja
 10124 | Lair:2   | Found the amulet of Vitality {Regen+ HP+15}
 10142 | Lair:2   | Received a gift from Okawaru
 10439 | Lair:2   | Noticed a queen ant
 10459 | Lair:2   | Killed a queen ant
 10459 | Lair:2   | Reached skill level 15 in Long Blades
 10496 | Lair:2   | Reached skill level 10 in Dodging
 10574 | Lair:2   | Reached XP level 13. HP: 116/116 MP: 12/12
 11155 | Lair:3   | Found a staircase to the Shoals.
 11807 | Lair:4   | Found a gate leading to a gauntlet.
 11820 | Gauntlet | Entered a Gauntlet
 11820 | Gauntlet | Found a transporter.
 11833 | Gauntlet | Found a transporter.
 11833 | Gauntlet | Found a transporter.
 11835 | Gauntlet | Found a transporter.
 11851 | Gauntlet | Found a transporter.
 11866 | Gauntlet | Found a transporter.
 11873 | Gauntlet | Found a transporter.
 11890 | Gauntlet | Found a transporter.
 11908 | Gauntlet | Found a transporter.
 11920 | Gauntlet | Found a transporter.
 11932 | Gauntlet | Found a transporter.
 11944 | Gauntlet | Found a transporter.
 11956 | Gauntlet | Found a transporter.
 11974 | Gauntlet | Found a transporter.
 11992 | Gauntlet | Found a transporter.
 11994 | Gauntlet | Found a transporter.
 12024 | Gauntlet | Found a transporter.
 12026 | Gauntlet | Found a transporter.
 12502 | Gauntlet | Received a gift from Okawaru
 12510 | Gauntlet | Got a glittering turquoise ring
 12511 | Gauntlet | Identified the ring "Jeonosos" {+Inv Str+4 Slay+2} (You
                  | found it in a Gauntlet)
 12522 | Gauntlet | Noticed a minotaur
 12534 | Gauntlet | Killed a minotaur
 12544 | Gauntlet | Found the ring of Shadows {Umbra +Inv Stlth+}
 12585 | Lair:4   | Found the amulet of the Air {Inacc +Fly rElec EV+5 RMsl}
 12761 | Lair:4   | Found a staircase to the Snake Pit.
 12794 | Lair:4   | Received a gift from Okawaru
 12903 | Lair:4   | Noticed Urug
 12915 | Lair:4   | Killed Urug
 13086 | Lair:4   | Noticed a fire dragon
 13112 | Lair:4   | Killed a fire dragon
 13703 | Lair:1   | Upgraded the game from 0.24-a0-484-g962a3eeff7 to
                  | 0.24-a0-487-g57318f2ed0
 13982 | Lair:5   | Found a frozen archway.
 14044 | Lair:5   | Reached skill level 13 in Shields
 14044 | Lair:5   | Reached XP level 14. HP: 127/127 MP: 12/13
 14055 | IceCv    | Entered an ice cave
 14263 | IceCv    | Received a gift from Okawaru
 14580 | IceCv    | Found an ancient bone altar of Kikubaaqudgha.
 15997 | D:13     | Got a fine long sword
 15998 | D:13     | Identified the +9 long sword of Somewhere Else {drain,
                  | rPois} (You found it on level 13 of the Dungeon)
 17068 | D:13     | Found a gate to the Vaults.
 17263 | D:13     | Reached skill level 14 in Shields
 17394 | D:14     | Received a gift from Okawaru
 17624 | D:14     | Found Obodyibi's Armour Boutique.
 17642 | D:14     | Found Zimi's Food Shoppe.
 17693 | D:14     | Found Rinomaqae's Book Shoppe.
 17721 | D:14     | Found a shadowy altar of Dithmenos.
 18087 | D:14     | Found Posydul's Distillery.
 18091 | D:14     | Bought a potion of agility for 56 gold pieces
 18091 | D:14     | Bought a potion of might for 56 gold pieces
 18141 | D:14     | Found Cagiycs's Magic Scroll Shop.
 18153 | D:14     | Bought a scroll of identify for 30 gold pieces
 18187 | D:15     | Entered Level 15 of the Dungeon
 18305 | D:15     | Paralysed by an orc sorcerer for 6 turns
 18479 | D:15     | Found a runed translucent gate.
 18480 | D:15     | Found a runed translucent gate.
 18622 | D:15     | Reached XP level 15. HP: 137/138 MP: 14/14
 18633 | D:15     | Received a gift from Okawaru
 18651 | D:15     | Reached skill level 15 in Shields
 18821 | D:15     | Noticed Kirke
 18841 | D:15     | Killed Kirke
 19031 | D:15     | Found a staircase to the Depths.
 19046 | D:15     | Found a runed translucent gate.
 19051 | D:15     | Noticed Akello's ghost (adept DsGl)
 19052 | D:15     | Found an iron altar of Okawaru.
 19719 | Orc:1    | Entered Level 1 of the Orcish Mines
 19895 | Orc:1    | Found Yshyraf's Antique Weapon Shoppe.
 20126 | Orc:1    | You fall into a shaft and drop 1 floor!
 20126 | Orc:2    | Entered Level 2 of the Orcish Mines
 20139 | Orc:2    | Found a staircase to the Elven Halls.
 20434 | Orc:2    | Found a roughly hewn altar of Beogh.
 20439 | Orc:2    | Found Geuwk's Weapon Shoppe.
 20538 | Orc:2    | Found a roughly hewn altar of Beogh.
 20547 | Orc:2    | Found Xeun's Antique Armour Shoppe.
 20671 | Orc:2    | Found a roughly hewn altar of Beogh.
 20700 | Orc:2    | Found Hyejot's Antique Weapon Boutique.
 20786 | Orc:2    | Found a roughly hewn altar of Beogh.
 20862 | Orc:2    | Noticed an orc warlord
 21162 | Orc:2    | Killed an orc warlord
 21373 | Orc:2    | Found a roughly hewn altar of Beogh.
 21530 | Orc:2    | Paralysed by an orc sorcerer for 6 turns
 21544 | Orc:2    | Found a roughly hewn altar of Beogh.
 21544 | Orc:2    | Found Evoferchy's Antique Weapon Shop.
 21549 | Orc:2    | Found Animenon's Antique Armour Boutique.
 21573 | Orc:2    | Bought a glowing scarf for 176 gold pieces
 21815 | Orc:1    | Found a roughly hewn altar of Beogh.
 22176 | D:15     | Reached skill level 15 in Fighting
 22202 | D:15     | Killed Akello's ghost
 22202 | D:15     | Reached skill level 10 in Armour
 22214 | D:15     | Reached skill level 16 in Shields
 22224 | D:15     | Received a gift from Okawaru
 22362 | D:14     | Bought a scroll of acquirement for 780 gold pieces
 22362 | D:14     | Bought a scroll of enchant weapon for 112 gold pieces
 22362 | D:14     | Bought a scroll of blinking for 112 gold pieces
 22362 | D:14     | Bought 2 scrolls of fog for 60 gold pieces
 22375 | D:14     | Bought a scroll of identify for 30 gold pieces
 22375 | D:14     | Bought a scroll of identify for 30 gold pieces
 22657 | D:9      | Bought a scroll of enchant weapon for 97 gold pieces
 22657 | D:9      | Bought a scroll of enchant weapon for 97 gold pieces
 22657 | D:9      | Bought a scroll of holy word for 97 gold pieces
 22657 | D:9      | Bought a scroll of identify for 26 gold pieces
 22942 | Lair:6   | Entered Level 6 of the Lair of Beasts
 23366 | Lair:6   | Received a gift from Okawaru
 23370 | Lair:6   | Reached skill level 5 in Stealth
 23693 | Lair:6   | Found a staircase to the Slime Pits.
 24392 | Snake:1  | Entered Level 1 of the Snake Pit
 24572 | Lair:3   | Reached XP level 16. HP: 81/149 MP: 15/15
 24591 | Lair:3   | Got a smoking scale mail
 24602 | Lair:3   | Identified the +2 scale mail "Odghiz" {rC+} (You found it
                  | on level 3 of the Lair of Beasts)
 25027 | Snake:1  | Noticed Donald
 25043 | Snake:1  | Killed Donald
 25043 | Snake:1  | Reached skill level 1 in Evocations
 25169 | Snake:1  | Reached skill level 17 in Shields
 25267 | Snake:1  | Received a gift from Okawaru
 25824 | Shoals:1 | Entered Level 1 of the Shoals
 26271 | Shoals:1 | Noticed a kraken
 26295 | Shoals:1 | Killed a kraken
 26996 | Snake:2  | Reached skill level 18 in Shields
 27063 | Snake:2  | Received a gift from Okawaru
 27101 | Snake:2  | Got an ancient mace
 27937 | Snake:3  | Identified the +12 mace of the Extremes {speed, *Slow rC+
                  | Str+5} (You found it on level 2 of the Snake Pit)
 27984 | Snake:3  | Noticed Aizul
 28007 | Snake:3  | Killed Aizul
 28430 | Snake:4  | Entered Level 4 of the Snake Pit
 28451 | Snake:4  | Noticed Saint Roka
 28500 | Snake:4  | Killed Saint Roka
 28500 | Snake:4  | Reached XP level 17. HP: 151/159 MP: 16/16
 28688 | Snake:4  | Found Sugaisy's Food Shoppe.
 28689 | Snake:4  | Found Jiext's Food Emporium.
 28711 | Snake:4  | Reached skill level 19 in Shields
 28967 | Snake:4  | Received a gift from Okawaru
 29273 | Snake:4  | Noticed Asterion
 29291 | Snake:4  | HP: 1/160 [shock serpent/bolt of electricity (24)]
 29310 | Snake:4  | HP: 3/240 [cacodemon[Asterion] (12)]
 29312 | Snake:4  | Mangled by Asterion

Levels and vault maps discovered:
D:1:      minmay_arrival_radiant_lines, layout_basic, minmay_tetromino_t4
D:2:      layout_rooms, minmay_fractal_squares_gapless_5
D:3:      layout_basic, first_ration, uniq_crazy_yiuf_cottage, uniq_purgy,
          uniq_jessica
D:4:      layout_cave_pools, makhleb_blood_cavern_becter
D:5:      layout_gridville, temple_statues
D:6:      kennysheep_steamy, layout_basic
D:7:      layout_loops_ring, serial_shops, shop, minmay_misc_feat_tower,
          uniq_prince_ribbit1, uniq_harold
D:8:      layout_basic, erik_lair_island, grunt_pizzeria,
          minmay_guarded_unrand_finisher
D:9:      layout_basic, serial_shops, kennysheep_mini, kennysheep_crisscross
D:10:     layout_small_grid, glass_columns_c, serial_park_tiny_2
D:11:     layout_irregular_city, uniq_snorg, uniq_josephine
D:12:     layout_roguey, zombieorc2_lemuel, basic_altar, uniq_erolcha,
          uniq_nergalle
D:13:     layout_basic, david_vaults_5, minmay_nine_imps
D:14:     layout_layer_cave, nicolae_dithmenos_through_a_glass_darkly,
          serial_shops, shop_statue, nicolae_shop_crystal, shop_fountains, shop,
          shop_fountains, laboratory
D:15:     hangedman_depths_entry_civil_slaughter, layout_basic,
          gammafunk_ghost_fury_of_okawaru, minivault_5, st_stairs_5,
          lightli_corner_chamber, uniq_kirke
Temple:   nicolae_temple_the_god_donut
Lair:1:   layout_gridlike, ebering_ghost_funeral_grove
Lair:2:   layout_long_grid, minivault_29, uniq_sonja
Lair:3:   layout_roguey [special_room_bee], minmay_shoals_entry_beasts,
          ice2_lemuel
Lair:4:   dragon1_lemuel, layout_regular_city, minmay_snake_entry_spellcaster,
          gauntlet_entry_generic, grunt_megastairs_2, uniq_urug
Lair:5:   layout_regular_city, portal_ice_cave_entry_ice_beasts,
          grunt_megastairs_1, infiniplex_staircase_pool_2
Lair:6:   grunt_lair_end_beastmaster, layout_concentric_octagons, slime_dummy
Shoals:1: layout_shoals
Snake:1:  layout_grid_maze, uniq_donald
Snake:2:  layout_grid_shapes, statue_in_the_mist_lemuel, grunt_megastairs_3
Snake:3:  layout_cave_town, serial_bayou_pond_d, uniq_aizul
Snake:4:  grunt_snake_rune_pools, layout_cave_town, minmay_shoptagon,
          serial_bayou_shore_b, uniq_asterion, uniq_saint_roka
Orc:1:    cheibrodos_orc_guarddog, layout_caves, basic_altar, serial_shops,
          nicolae_shop_overgrown_old_shop
Orc:2:    grunt_orc_community_town_hall, layout_caves,
          grunt_orc_community_big_house_2, grunt_orc_community_big_house_2,
          grunt_orc_community_house_3, grunt_orc_community_house_1,
          grunt_orc_community_house_3, grunt_orc_community_house_3,
          grunt_orc_community_house_3, serial_shops,
          nicolae_shop_overgrown_old_shop

Skill      XL: |  1  2  3  4  5  6  7  8  9 10 11 12 13 14 15 16 17 |
---------------+----------------------------------------------------+-----
Shields        | 4 5 6 7 8 10 11 12 13 14 16 18 19 | 19.3
Fighting       | 4 5 6 7 9 10 11 12 14 15 16 | 16.7
Long Blades    | 3 4 5 7 9 11 12 13 15 16 17 18 | 18.8
Armour         | 4 5 6 7 9 10 11 12 | 12.2
Dodging        | 1 2 4 6 7 8 10 11 | 11.5
Stealth        | 1 2 3 4 5 |  5.8
Evocations     | 1 |  1.1
Invocations    | |  0.6

Action                   |  1- 3 |  4- 6 |  7- 9 | 10-12 | 13-15 | 16-18 || total
-------------------------+-------+-------+-------+-------+-------+-------++-------
Melee: Long sword        |    90 |    99 |   282 |   573 |    80 |   299 ||  1423
       Headbutt          |    13 |    27 |    73 |   204 |   475 |   197 ||   989
       Double sword      |       |       |       |   247 |  1463 |   390 ||  2100
       Punch             |       |       |       |       |     2 |       ||     2
Invok: Heroism           |       |       |       |     1 |     5 |     3 ||     9
Evoke: Wand              |       |       |     9 |       |     5 |       ||    14
  Use: Scroll            |       |       |       |    11 |    16 |     5 ||    32
       Potion            |       |       |       |     3 |     2 |     6 ||    11
 Stab: Sleeping          |       |       |       |     6 |     7 |       ||    13
       Distracted        |       |       |       |     1 |       |       ||     1
       Petrified         |       |       |       |       |    15 |       ||    15
  Eat: Chunk             |     1 |    11 |    14 |    22 |    67 |    31 ||   146
       Ration            |       |       |       |       |     1 |       ||     1
Armor: Scale mail        |    37 |       |       |       |       |       ||    37
       Chain mail        |    32 |    87 |    45 |       |       |       ||   164
       Troll leather arm |       |       |    44 |   277 |   148 |       ||   469
       Crystal plate arm |       |       |       |       |   458 |   254 ||   712
Dodge: Dodged            |    45 |    22 |   128 |   562 |   797 |   290 ||  1844
       Deflected         |       |       |       |       |     8 |    36 ||    44
Block: Shield            |    64 |    62 |   160 |   594 |  1098 |   675 ||  2653
       Other             |       |       |       |     3 |       |       ||     3
       Reflection        |       |       |       |       |    12 |    62 ||    74
       Rpst.: Long sword |    11 |     5 |    37 |    87 |     4 |    16 ||   160
       Double sword      |       |       |       |    40 |   169 |    40 ||   249

Table legend:
 A = Non-vault XP
 B = Vault XP
 C = Vault XP percentage of total XP
 D = Non-vault monster count
 E = Vault monster count
 F = Vault count percentage of total count
                 A         B        C        D         E       F
            +---------+---------+-------+---------+---------+-------
      Total |  154293 |   86864 |  36.0 |     686 |     397 |  36.7
            +---------+---------+-------+---------+---------+-------
        D:1 |      28 |       9 |  24.3 |      18 |       4 |  18.2
        D:2 |      27 |      20 |  42.6 |      14 |       4 |  22.2
        D:3 |     145 |     218 |  60.1 |      17 |       3 |  15.0
        D:4 |     349 |      43 |  11.0 |      15 |       1 |   6.2
        D:5 |     557 |       0 |   0.0 |      24 |       0 |   0.0
        D:6 |    1093 |     373 |  25.4 |      22 |       2 |   8.3
        D:7 |    1220 |    1255 |  50.7 |      30 |       2 |   6.2
        D:8 |    1814 |    2348 |  56.4 |      39 |      15 |  27.8
        D:9 |    1746 |       0 |   0.0 |      37 |       0 |   0.0
       D:10 |    2226 |       0 |   0.0 |      19 |       0 |   0.0
       D:11 |    4201 |    2821 |  40.2 |      28 |       5 |  15.2
       D:12 |    2954 |    2688 |  47.6 |      15 |      38 |  71.7
       D:13 |    8937 |    3812 |  29.9 |      36 |      15 |  29.4
       D:14 |    4644 |    3093 |  40.0 |      21 |      13 |  38.2
       D:15 |   10527 |   12590 |  54.5 |      32 |      17 |  34.7
     Lair:1 |    5529 |       0 |   0.0 |      24 |       0 |   0.0
     Lair:2 |    2175 |    5957 |  73.3 |       8 |      46 |  85.2
     Lair:3 |    2897 |    4290 |  59.7 |      12 |      34 |  73.9
     Lair:4 |    5070 |    4052 |  44.4 |      28 |       7 |  20.0
     Lair:5 |    5479 |    1429 |  20.7 |      27 |      10 |  27.0
     Lair:6 |   12631 |    8917 |  41.4 |      35 |      17 |  32.7
   Shoals:1 |   17402 |       0 |   0.0 |      31 |       0 |   0.0
    Snake:1 |    4450 |    1963 |  30.6 |      11 |       1 |   8.3
    Snake:2 |   16281 |    3578 |  18.0 |      31 |       7 |  18.4
    Snake:3 |   13217 |    1640 |  11.0 |      25 |       1 |   3.8
    Snake:4 |   22493 |    6621 |  22.7 |      44 |      17 |  27.9
      Orc:1 |    2170 |     833 |  27.7 |      13 |       5 |  27.8
      Orc:2 |    4031 |    7664 |  65.5 |      30 |      65 |  68.4
      IceCv |       0 |    6547 | 100.0 |       0 |      54 | 100.0
   Gauntlet |       0 |    4103 | 100.0 |       0 |      14 | 100.0
            +---------+---------+-------+---------+---------+-------
